Map: Cactus Valley LE (Void)

Players

ScaM - Winner!

  • Race: Zerg Zerg
  • League: Master
  • Spawn Location: 11:00

Railgan

  • Race: Zerg Zerg
  • League: Grandmaster
  • Spawn Location: 7:00

VOD

Have the link to the VOD?

Description

Time

  • Played on: March 15, 2017, 5:16 p.m.
  • Length: 9:06
Show
View Real Time Build Order
Export as new Build Order

ScaM Zerg - Winner!

Build Orders: Hatch First, Zergling Baneling 

Get SALT Encoding   

  12  0:01  Drone  
  13  0:12  Overlord  
  13  0:17  Drone  
  14  0:31  Drone x2  
  14  0:34  Drone  
  17  0:52  Hatchery  
  17  0:55  Drone  
  17  0:57  Drone  
  17  1:00  Extractor  
  17  1:07  Drone  
  18  1:17  Spawning Pool  
  17  1:19  Drone  
  18  1:28  Drone  
  19  1:38  Overlord  
  19  2:04  Metabolic Boost, Queen  
  19  2:05  Queen  
  19  2:06  Zergling x4  
  19  2:08  Zergling x2  
  26  2:11  Drone  
  26  2:15  Drone  
  28  2:21  Drone  
  29  2:33  Drone x2  
  31  2:47  Zergling x4  
  31  2:48  Zergling x2  
  34  3:03  Drone x2  
  34  3:09  Drone  
  34  3:10  Drone, Baneling Nest  
  33  3:15  Drone  
  33  3:19  Zergling x6  
  36  3:22  Hatchery  
  36  3:24  Overlord  
  35  3:31  Overlord  
  35  3:38  Zergling x2  
  35  3:43  Zergling x4  
  35  3:44  Zergling x4  
  39  3:56  Drone x3  
  39  3:57  Drone  
  39  3:58  Baneling, Drone x2  
  39  3:59  Baneling  
  45  4:07  Baneling x4  
  45  4:11  Zergling x6  
  48  4:18  Overlord  
  48  4:20  Baneling x3  
  47  4:32  Drone x4  
  47  4:33  Queen  
  53  4:44  Extractor, Drone x2  
  54  4:46  Roach Warren  
  54  4:49  Drone x3  
  56  4:59  Drone x5  
  60  5:09  Overlord  
  60  5:10  Overlord  
  60  5:16  Drone x2  
  62  5:21  Zergling x2  
  62  5:22  Zergling x6  
  62  5:28  Overlord x2  
  66  5:29  Roach x2  
  66  5:30  Roach  
  69  5:42  Roach x5  
  73  5:48  Lair  
  73  5:52  Evolution Chamber  
  73  5:56  Drone x4  
  74  5:58  Drone x2  
  74  5:59  Drone  
  74  6:03  Drone x2  
  78  6:09  Drone  
  78  6:10  Drone x3  
  80  6:18  Zerg Missile Weapons Level 1  
  76  6:20  Drone x3  
  76  6:22  Drone x2  
  76  6:23  Extractor x2, Drone  
  80  6:32  Overlord  
  80  6:34  Overlord  
  80  6:39  Drone x2  
  81  6:40  Roach x5  
  81  6:41  Roach  
  81  6:46  Glial Reconstitution  
  93  6:48  Roach x2  
  93  6:51  Roach x2  
  101  6:55  Roach x2  
  101  6:57  Overlord  
  105  7:02  Overlord  
  105  7:12  Overlord  
  105  7:16  Roach x7  
  119  7:25  Roach x5  
  119  7:26  Overlord x2  
  129  7:40  Extractor  
  129  7:42  Extractor  
  129  7:43  Drone  
  129  7:44  Drone x2  
  130  7:45  Drone x3  
  130  7:46  Drone x2  
  130  7:47  Drone  
  136  7:54  Roach x3  
  136  7:55  Roach x2  
  145  8:10  Roach  
  145  8:11  Roach x3  
  153  8:13  Overlord x4  
  153  8:15  Overlord  
  149  8:21  Roach  
  149  8:22  Roach x4  
  149  8:25  Roach x2  
  149  8:32  Roach  
  147  8:36  Roach x4  
  147  8:37  Ravager x3  
  147  8:38  Ravager  
  147  8:40  Roach  
Show
View Real Time Build Order
Export as new Build Order

Railgan Zerg 

Build Orders: Hatch First 

Get SALT Encoding   

  12  0:01  Drone  
  13  0:13  Overlord  
  13  0:17  Drone  
  14  0:32  Drone x2  
  16  0:36  Drone  
  17  0:51  Drone  
  17  0:55  Hatchery  
  17  0:59  Drone  
  18  1:06  Extractor  
  17  1:15  Spawning Pool  
  16  1:18  Drone  
  16  1:21  Drone  
  18  1:29  Drone  
  19  1:39  Overlord  
  19  2:02  Queen  
  19  2:04  Zergling x4  
  19  2:08  Queen  
  23  2:09  Zergling x2  
  23  2:14  Drone  
  23  2:15  Metabolic Boost  
  27  2:21  Drone  
  28  2:26  Drone  
  29  2:30  Drone  
  30  2:39  Zergling x2  
  30  2:41  Queen  
  33  2:45  Queen  
  35  2:52  Zergling x2  
  35  2:53  Baneling Nest  
  35  3:01  Drone  
  34  3:15  Drone x2  
  34  3:18  Overlord  
  36  3:26  Overlord  
  36  3:36  Zergling x2  
  36  3:37  Zergling x12  
  43  3:46  Zergling x2  
  43  3:56  Drone x3  
  46  4:05  Baneling x4  
  46  4:08  Drone, Hatchery  
  46  4:11  Drone x2  
  48  4:29  Roach Warren  
  48  4:30  Evolution Chamber  
  44  4:31  Zergling x2  
  44  4:35  Zergling x2  
  45  4:39  Drone  
  45  4:40  Zergling x2  
  45  4:44  Zergling x8  
  51  4:57  Baneling x3  
  51  5:01  Zerg Missile Weapons Level 1  
  51  5:04  Overlord x3  
  51  5:09  Lair  
  51  5:12  Extractor  
  50  5:24  Roach x2  
  50  5:25  Drone x6  
  60  5:34  Drone x2  
  60  5:40  Drone x2  
  60  5:41  Zergling x2  
  49  5:47  Roach x2  
  51  5:55  Roach  
  51  5:56  Zergling x2  
  54  5:57  Zergling x4  
  54  5:58  Zergling x4  
  54  6:03  Zergling x4  
  54  6:04  Zergling x2  
  56  6:05  Zergling x2  
  56  6:07  Zergling x2  
  54  6:18  Drone x4  
  57  6:23  Drone x3  
  60  6:29  Queen  
  62  6:36  Glial Reconstitution  
  62  6:38  Extractor, Drone  
  57  6:41  Drone x2  
  57  6:42  Drone  
  57  6:46  Drone x3  
  63  6:49  Overlord  
  63  6:52  Roach  
  65  6:56  Roach  
  66  7:03  Roach x3  
  74  7:08  Roach  
  74  7:09  Roach x2  
  78  7:20  Roach x3  
  83  7:24  Roach  
  83  7:25  Overlord, Roach  
  87  7:30  Overlord  
  87  7:33  Roach  
  87  7:34  Overlord  
  88  7:40  Overlord  
  88  7:45  Roach x4  
  88  7:50  Roach x2  
  100  7:52  Roach  
  100  7:53  Roach  
  100  7:57  Roach  
  106  8:00  Roach  
  107  8:06  Roach x2  
  107  8:10  Roach  
  107  8:12  Roach  
  115  8:16  Roach  
  116  8:21  Roach x2  
  116  8:24  Roach  
  108  8:28  Roach  
  108  8:32  Roach  
  108  8:33  Roach  
  114  8:40  Roach x2  
  118  8:43  Roach  
  118  8:45  Roach  
Tags
 
Add a new tag
Caveats
  • Supply blocks, unpowered buildings, or Contaminate may cause inaccurate times.
  • Supply counts are checked every 10 seconds.